Map: Blueshift LE

Players

ShoWTimE

  • Race: Protoss Protoss
  • Spawn Location: 1:00

Stats - Winner!

  • Race: Protoss Protoss
  • Spawn Location: 7:00

Event: 2018 WCS Global Finals

VOD

Have the link to the VOD?

Description

Time

  • Played on: Oct. 27, 2018, 3:43 p.m.
  • Length: 13:27

All games in this series

Show
View Real Time Build Order
Export as new Build Order

ShoWTimE Protoss 

Build Orders: Phoenix Opening, Archon Immortal, Blink Stalkers 

Get SALT Encoding   

  12  0:00  Probe  
  13  0:12  Probe  
  14  0:17  Pylon  
  14  0:24  Probe  
  15  0:32  Probe  
  15  0:37  Gateway  
  15  0:40  Probe  
  16  0:46  Assimilator  
  17  0:50  Probe  
  17  0:54  Assimilator  
  18  0:58  Probe  
  19  1:07  Probe  
  20  1:13  Gateway  
  20  1:17  Probe  
  21  1:25  Cybernetics Core  
  21  1:29  Probe  
  22  1:35  Pylon  
  22  1:41  Probe  
  23  1:53  Probe  
  24  2:02  Stalker, Sentry  
  24  2:03  Warp Gate  
  28  2:10  Pylon  
  28  2:29  Stalker  
  30  2:35  Stalker  
  31  2:45  Twilight Council  
  31  2:54  Blink  
  31  3:00  Shield Battery  
  31  3:07  Nexus  
  31  3:08  Phoenix  
  31  3:12  Shield Battery  
  31  3:14  Stalker  
  33  3:28  Stalker  
  33  3:31  Probe  
  36  3:40  Pylon  
  36  3:45  Probe  
  37  3:53  Cybernetics Core  
  37  3:57  Probe  
  38  4:05  Stalker  
  38  4:08  Stalker  
  42  4:11  Probe  
  42  4:14  Cybernetics Core  
  43  4:19  Probe  
  43  4:23  Probe  
  45  4:31  Robotics Facility  
  45  4:32  Stalker  
  45  4:36  Probe  
  45  4:37  Probe  
  49  4:44  Stalker  
  51  4:48  Probe x2  
  53  4:56  Probe  
  50  5:00  Probe  
  50  5:05  Probe  
  50  5:12  Probe  
  52  5:15  Stalker x2  
  52  5:17  Probe  
  56  5:24  Probe  
  56  5:25  Observer  
  58  5:29  Probe  
  58  5:30  Pylon  
  58  5:33  Pylon  
  59  5:36  Forge  
  59  5:38  Probe x2  
  59  5:46  Probe  
  59  5:47  Observer  
  59  5:49  Charge  
  60  5:50  Probe  
  60  5:55  Probe  
  62  5:58  Sentry  
  62  6:01  Protoss Ground Weapons Level 1  
  62  6:02  Immortal, Probe  
  62  6:03  Pylon  
  66  6:07  Probe  
  67  6:14  Probe  
  67  6:16  Assimilator  
  72  6:20  Assimilator, Probe  
  72  6:24  Shield Battery  
  73  6:29  Gateway  
  73  6:35  Gateway  
  73  6:39  Gateway  
  73  6:47  Immortal  
  77  6:55  Gateway  
  76  7:01  Gateway  
  76  7:08  Gateway  
  76  7:09  Probe  
  76  7:10  Probe  
  76  7:14  Templar Archives  
  78  7:24  Pylon  
  78  7:29  Warp Prism  
  80  7:38  Nexus  
  80  7:44  Protoss Ground Weapons Level 2  
  80  7:52  High Templar x3  
  86  8:02  Zealot x4  
  86  8:05  Pylon  
  94  8:18  Pylon  
  94  8:20  Pylon  
  94  8:23  Immortal  
  98  8:30  Zealot x2  
  102  8:40  High Templar x2  
  106  8:42  Pylon  
  106  8:44  Archon  
  104  8:55  Zealot  
  104  8:56  Zealot x3  
  104  9:00  Pylon  
  112  9:07  Immortal  
  116  9:20  Phoenix  
  109  9:25  High Templar x2  
  109  9:29  High Templar  
  109  9:30  Zealot x5  
  125  9:36  Archon x2  
  125  9:40  Shield Battery  
  125  9:41  Archon  
  125  9:42  Pylon  
  125  9:48  Zealot x2  
  125  9:50  Zealot x3  
  135  9:57  Zealot x3  
  141  10:05  Zealot, Pylon  
  141  10:07  Zealot  
  140  10:20  Zealot x2  
  140  10:21  Zealot  
  127  10:24  High Templar x3  
  127  10:25  High Templar  
  127  10:26  Zealot x3  
  115  10:29  Archon x2  
  115  10:31  Zealot  
  110  10:46  Zealot x3  
  94  10:51  Zealot x2  
  72  10:57  Zealot  
  72  11:00  Zealot  
  60  11:10  High Templar x2  
  60  11:11  Zealot  
  62  11:16  Archon  
  56  11:22  High Templar, Zealot  
  56  11:23  High Templar  
  62  11:28  Archon  
  62  11:32  Zealot  
  62  11:35  Probe x2, Observer  
  62  11:38  Probe  
  68  11:43  Probe  
  68  11:49  Probe  
  68  11:50  Probe  
  68  11:51  Probe  
  71  11:56  High Templar x2  
  71  12:00  Archon  
  76  12:01  Probe  
  76  12:02  Probe  
  76  12:08  Zealot  
  77  12:14  Zealot  
  77  12:27  High Templar  
  77  12:28  High Templar  
  77  12:29  Zealot x2  
  84  12:34  Probe x2  
  86  12:38  Archon  
  86  12:42  Zealot  
  88  12:49  Zealot x2  
  92  12:55  Zealot  
  94  13:02  High Templar x2  
  98  13:06  Archon  
  96  13:13  Zealot x2  
  96  13:19  Zealot  
  76  13:22  Zealot  
Show
View Real Time Build Order
Export as new Build Order

Stats Protoss - Winner!

Build Orders: Phoenix Opening, Archon Immortal 

Get SALT Encoding   

  12  0:00  Probe  
  13  0:12  Probe  
  14  0:17  Pylon  
  14  0:24  Probe  
  15  0:32  Probe  
  15  0:37  Gateway  
  15  0:40  Probe  
  16  0:46  Assimilator  
  17  0:51  Probe  
  17  0:54  Assimilator  
  18  0:59  Probe  
  19  1:07  Probe, Gateway  
  19  1:17  Probe  
  21  1:25  Cybernetics Core  
  21  1:29  Probe  
  22  1:34  Pylon  
  22  1:41  Probe  
  23  1:53  Probe  
  24  2:02  Adept x2  
  24  2:03  Warp Gate  
  24  2:06  Pylon  
  28  2:23  Stargate  
  28  2:30  Adept x2  
  31  2:53  Pylon  
  31  2:57  Adept x2  
  35  2:59  Phoenix  
  37  3:22  Nexus  
  37  3:32  Phoenix  
  39  3:40  Probe  
  40  3:52  Probe  
  41  3:57  Phoenix  
  43  4:03  Robotics Facility  
  43  4:05  Probe  
  44  4:16  Pylon  
  44  4:17  Probe  
  41  4:30  Probe  
  42  4:31  Stalker  
  42  4:32  Stalker  
  42  4:37  Shield Battery  
  46  4:45  Immortal  
  48  4:47  Shield Battery  
  50  5:05  Stalker  
  50  5:08  Stalker  
  52  5:15  Probe x2  
  52  5:16  Immortal  
  58  5:30  Probe x2  
  60  5:36  Forge  
  60  5:40  Sentry, Probe x2  
  62  5:46  Sentry  
  62  5:48  Probe x2  
  62  5:49  Protoss Ground Weapons Level 1  
  66  5:54  Pylon  
  68  5:57  Probe x2  
  70  6:12  Probe x2  
  70  6:14  Assimilator x2  
  70  6:18  Pylon  
  72  6:24  Probe x2  
  72  6:25  Observer  
  75  6:32  Pylon x2  
  75  6:36  Probe x2  
  77  6:42  Twilight Council  
  77  6:47  Immortal  
  77  6:50  Pylon  
  81  7:12  Gateway  
  81  7:14  Gateway x3  
  81  7:16  Protoss Ground Weapons Level 2  
  81  7:19  Charge  
  81  7:23  Templar Archives  
  81  7:28  Gateway  
  81  7:34  Gateway  
  83  7:39  Immortal  
  85  7:49  Sentry  
  87  7:55  Pylon  
  87  8:17  High Templar x2  
  87  8:18  Warp Prism  
  87  8:19  Zealot x4  
  101  8:22  Archon  
  101  8:24  Nexus  
  100  8:43  Phoenix  
  100  8:44  High Templar x2, Zealot  
  100  8:45  Zealot x3  
  100  8:47  Pylon  
  112  8:49  Pylon  
  112  8:51  Archon  
  112  8:55  Zealot x2  
  116  9:03  Nexus  
  116  9:05  Pylon  
  116  9:07  Observer  
  117  9:16  Zealot x2  
  117  9:17  Zealot  
  123  9:18  Warp Prism  
  121  9:34  High Templar x2  
  121  9:35  Zealot x2  
  129  9:38  Archon  
  129  9:53  High Templar x2  
  129  9:54  Zealot x2  
  129  9:58  Archon  
  137  10:00  Zealot x2  
  141  10:12  Pylon x2  
  118  10:23  Zealot x4  
  114  10:29  High Templar, Observer  
  114  10:30  High Templar, Zealot  
  114  10:32  Zealot  
  114  10:34  Archon  
  85  11:00  High Templar x2, Zealot x3  
  85  11:01  Zealot  
  73  11:07  Warp Prism, Zealot x2, Archon  
  67  11:22  High Templar x2, Zealot x2  
  75  11:28  Archon  
  75  11:29  Adept x2  
  75  11:31  Probe x3  
  82  11:34  Zealot x2  
  82  11:36  Phoenix  
  91  11:51  Zealot x3  
  94  11:58  Zealot x2  
  98  12:14  High Templar  
  98  12:15  High Templar, Zealot x4  
  108  12:24  Archon  
  108  12:26  Zealot x2  
  110  12:38  High Templar x2, Zealot x2  
  110  12:42  Zealot x3, Archon  
  124  12:47  Zealot  
  126  13:03  High Templar x2  
  126  13:04  Zealot x5  
  140  13:08  Archon  
  106  13:20  Zealot  
  106  13:25  Zealot x5  
Tags
 
Add a new tag
Caveats
  • Supply blocks, unpowered buildings, or Contaminate may cause inaccurate times.
  • Supply counts are checked every 10 seconds.